details: '46 min hide 2 euros quit'

« prev index next »

General information

Mini Map

Players

team 1
HumanMrHobby53 (teal | 34 APM | 812 actions | 23:55)
Hero icon 3 Archmage
Ability icon 2 Summon Water Elemental
Ability icon 1 Brilliance Aura

» actions
Assign group hotkey7
Basic commands21
Build / train48
ESC pressed2
Enter build submenu33
Enter hero's abilities submenu3
Remove unit from queue1
Right click303
Select / deselect217
Select group hotkey71
Use ability106
812 total
» units
Peasant14
Footman8
Mortar Team2
24 total
» upgrades
Defend1
Masonry2
Lumber Harvesting1
Flare1
Gunpowder1
Magic Sentry1
Swords1
Armor1
9 total
» buildings
Altar of Kings1
Barracks3
Farm28
Lumber Mill5
Blacksmith1
Keep1
Arcane Vault1
Workshop4
Scout Tower19
Guard Tower1
Cannon Tower2
Arcane Tower1
Castle1
Gryphon Aviary1
Arcane Sanctum1
Town Hall1
71 total
» build order
00:12 Altar of Kings
00:20 Barracks
00:23 Barracks
00:29 Farm
01:32 Farm
03:24 Lumber Mill
03:56 Farm
04:59 Barracks
05:09 Farm
05:09 Farm
05:10 Farm
07:32 Blacksmith
09:31 Lumber Mill
10:18 Keep
10:23 Arcane Vault
11:27 Farm
11:27 Farm
11:28 Farm
11:28 Farm
11:29 Farm
11:29 Farm
11:30 Farm
11:53 Lumber Mill
12:08 Lumber Mill
12:15 Farm
12:17 Farm
12:21 Farm
13:33 Workshop
13:33 Workshop
13:34 Workshop
14:03 Workshop
14:56 Scout Tower
14:57 Scout Tower
14:57 Scout Tower
14:58 Scout Tower
14:58 Scout Tower
14:58 Scout Tower
14:59 Scout Tower
14:59 Scout Tower
15:00 Scout Tower
15:00 Scout Tower
15:32 Scout Tower
15:33 Scout Tower
15:38 Guard Tower
16:04 Cannon Tower
16:06 Cannon Tower
16:11 Arcane Tower
17:02 Farm
17:03 Farm
17:03 Farm
17:04 Farm
17:05 Farm
17:05 Farm
17:06 Farm
17:06 Farm
17:07 Farm
17:08 Farm
17:09 Farm
17:09 Farm
18:56 Castle
19:00 Lumber Mill
19:12 Gryphon Aviary
19:38 Arcane Sanctum
21:41 Town Hall
» items
Boots of Speed2
Scroll of Regeneration1
Scroll of Town Portal1
4 total
NightElfMisha070488 (pink | 59 APM | 2721 actions | 46:05)
Hero icon 3 Priestess of the Moon
Ability icon 1 Trueshot Aura
Ability icon 2 Searing Arrows
Hero icon 5 Warden
Ability icon 2 Shadow Strike
Ability icon 3 Blink

» actions
Assign group hotkey280
Basic commands183
Build / train147
ESC pressed5
Enter build submenu35
Enter hero's abilities submenu10
Remove unit from queue7
Right click770
Select / deselect363
Select group hotkey797
Use ability124
2721 total
» units
Wisp60
Archer11
Chimaera10
Forest Troll Shadow Priest1
Mortar Team10
92 total
» upgrades
Reinforced Hides3
Strength of the Wild3
Ultravision1
Improved Bows1
Moon Armor4
Marksmanship1
Well Spring1
Strength of the Moon3
Corrosive Breath1
Lumber Harvesting1
Hippogryph Taming1
Druid of the Talon Training1
21 total
» buildings
Altar of Elders2
Moon Well15
Ancient of War1
Tree of Ages5
Hunter's Hall2
Tree of Eternity4
Ancient of Wind2
Chimaera Roost4
Tree of Life7
Ancient Protector8
Ancient of Wonders1
Farm3
War Mill1
55 total
» build order
00:11 Altar of Elders
00:37 Moon Well
01:56 Ancient of War
02:47 Tree of Ages
02:48 Tree of Ages
03:01 Hunter's Hall
04:26 Moon Well
04:27 Moon Well
04:28 Moon Well
04:29 Moon Well
07:05 Tree of Eternity
07:05 Tree of Eternity
07:37 Ancient of Wind
11:52 Chimaera Roost
11:53 Chimaera Roost
11:54 Chimaera Roost
11:54 Chimaera Roost
14:14 Tree of Life
14:53 Moon Well
14:54 Moon Well
14:54 Moon Well
14:55 Moon Well
18:56 Tree of Life
20:37 Tree of Life
21:47 Ancient Protector
22:22 Ancient of Wonders
22:27 Moon Well
22:28 Moon Well
22:28 Moon Well
22:29 Moon Well
25:45 Ancient Protector
25:46 Ancient Protector
25:52 Tree of Life
25:54 Ancient Protector
26:28 Ancient Protector
26:29 Ancient Protector
26:30 Ancient Protector
26:54 Moon Well
26:54 Moon Well
29:19 Hunter's Hall
29:20 Tree of Ages
29:20 Tree of Ages
30:28 Altar of Elders
30:46 Tree of Life
32:19 Tree of Life
32:40 Tree of Life
33:18 Tree of Eternity
35:00 Ancient of Wind
41:09 Farm
41:10 Farm
41:10 Farm
43:45 War Mill
44:24 Ancient Protector
Orcshivasanti (red | 21 APM | 973 actions | 46:05)
Hero icon 4 Far Seer
Ability icon 2 Feral Spirit
Ability icon 2 Chain Lighting
Hero icon 3 Shadow Hunter
Ability icon 2 Healing Wave
Ability icon 1 Serpent Ward

» actions
Basic commands9
Build / train125
Enter build submenu81
Enter hero's abilities submenu8
Right click286
Select / deselect372
Use ability92
973 total
» units
Peon36
Grunt9
Forest Troll Berserker3
Forest Troll Shadow Priest3
Ogre Mauler2
Mud Golem2
Tauren1
Troll Headhunter/Berserker16
Gryphon Rider10
Wind Rider8
90 total
» upgrades
Armor3
Melee Weapons4
Spiked Barricades3
Pillage1
Berserker Strength1
Ranged Weapons2
Backpack1
Berserker Upgrade1
Reinforced Defenses1
Pulverize1
Troll Regeneration1
19 total
» buildings
Altar of Storms2
Orc Burrow11
Barracks1
War Mill2
Stronghold3
Fortress1
Watch Tower40
Voodoo Lounge2
Great Hall8
Tauren Totem1
Beastiary2
73 total
» build order
00:13 Altar of Storms
00:18 Orc Burrow
00:40 Barracks
01:47 War Mill
02:27 Orc Burrow
03:28 Orc Burrow
04:29 Orc Burrow
05:02 Stronghold
05:20 Orc Burrow
05:24 Orc Burrow
06:00 Orc Burrow
06:57 Orc Burrow
07:01 Orc Burrow
07:56 Orc Burrow
09:34 Fortress
09:40 Watch Tower
10:23 Voodoo Lounge
11:02 Great Hall
12:06 Great Hall
13:24 Watch Tower
13:32 Great Hall
13:48 Tauren Totem
14:47 Watch Tower
18:09 War Mill
18:39 Watch Tower
18:45 Watch Tower
18:53 Watch Tower
19:45 Watch Tower
21:43 Watch Tower
21:48 Watch Tower
21:56 Watch Tower
23:38 Watch Tower
23:42 Watch Tower
23:48 Watch Tower
23:52 Watch Tower
23:56 Watch Tower
26:33 Watch Tower
26:42 Watch Tower
26:49 Watch Tower
27:18 Great Hall
27:31 Watch Tower
28:34 Watch Tower
28:47 Altar of Storms
28:55 Great Hall
29:02 Watch Tower
29:05 Watch Tower
29:09 Watch Tower
30:02 Stronghold
30:26 Watch Tower
30:30 Watch Tower
30:45 Great Hall
30:56 Great Hall
32:45 Great Hall
32:50 Watch Tower
33:03 Watch Tower
33:20 Watch Tower
33:23 Watch Tower
33:26 Watch Tower
33:44 Watch Tower
33:52 Watch Tower
35:53 Watch Tower
36:12 Watch Tower
36:16 Watch Tower
36:30 Stronghold
36:42 Watch Tower
36:46 Watch Tower
37:04 Beastiary
37:10 Beastiary
37:21 Orc Burrow
37:26 Voodoo Lounge
37:34 Watch Tower
39:17 Watch Tower
39:26 Watch Tower
» items
Scroll of Protection1
Scroll of Town Portal1
Scroll of Healing1
3 total
Random» OrcSrensen90 (purple | 24 APM | 727 actions | 30:52)
Hero icon 3 Blademaster
Ability icon 2 Critical Strike
Ability icon 1 Wind Walk

» actions
Basic commands28
Build / train51
ESC pressed1
Enter build submenu17
Enter hero's abilities submenu4
Give item / drop item4
Remove unit from queue3
Right click393
Select / deselect184
Use ability41
727 total
» units
Peon8
Grunt17
Ogre Mauler1
Demolisher10
36 total
» upgrades
Burning Oil1
Ranged Weapons2
3 total
» buildings
Altar of Storms1
Orc Burrow10
Barracks2
Voodoo Lounge1
Stronghold1
War Mill1
Beastiary1
Watch Tower10
Fortress1
28 total
» build order
01:54 Altar of Storms
02:24 Orc Burrow
02:31 Barracks
03:47 Orc Burrow
04:53 Orc Burrow
06:05 Orc Burrow
07:18 Orc Burrow
08:49 Orc Burrow
08:51 Orc Burrow
08:53 Orc Burrow
10:55 Voodoo Lounge
10:59 Stronghold
12:23 Orc Burrow
12:26 Orc Burrow
13:28 War Mill
13:35 Beastiary
18:08 Watch Tower
18:09 Watch Tower
18:10 Watch Tower
18:11 Watch Tower
18:13 Watch Tower
18:16 Watch Tower
18:17 Watch Tower
18:19 Watch Tower
18:20 Watch Tower
18:21 Watch Tower
18:35 Fortress
22:01 Barracks
» items
Circlet of Nobility1
Boots of Speed2
3 total
team 2
HumanRefugee (yellow | 9 APM | 416 actions | 46:06)

» actions
Basic commands12
Build / train8
Enter build submenu9
Right click299
Select / deselect61
Use ability27
416 total
» units
Wisp8
8 total
» buildings
Tree of Life6
6 total
» build order
03:48 Tree of Life
04:47 Tree of Life
05:31 Tree of Life
31:34 Tree of Life
34:49 Tree of Life
37:36 Tree of Life
UndeadTimIsHere (green | 35 APM | 32 actions | 00:54)

» actions
Assign group hotkey2
Build / train2
Enter build submenu3
Right click8
Select / deselect10
Select group hotkey4
Use ability3
32 total
» units
Acolyte2
2 total
» buildings
Ziggurat1
Altar of Darkness1
Crypt1
3 total
» build order
00:08 Ziggurat
00:10 Altar of Darkness
00:33 Crypt
NightElfRianSirius (orange | 29 APM | 25 actions | 00:51)

» actions
Build / train4
Enter build submenu2
Right click5
Select / deselect9
Use ability5
25 total
» units
Wisp4
4 total
» buildings
Ancient of War1
Moon Well1
2 total
» build order
00:20 Ancient of War
00:23 Moon Well
Random» HumanHebert (blue | 31 APM | 31 actions | 00:59)

» actions
Build / train6
Enter build submenu2
Right click12
Select / deselect9
Use ability2
31 total
» units
Peasant6
6 total
» buildings
Altar of Kings1
Farm1
2 total
» build order
00:24 Altar of Kings
00:41 Farm

Chat log

(00:25 / Allies) TimIsHere: 100?
(00:32 / Allies) RianSirius: cant sry
(00:45 / Allies) TimIsHere: ^^
(00:46 / Allies) TimIsHere: gg
(01:05 / All) Misha070488: ))))
(01:11 / All) MrHobby53: quit?
(01:15 / All) Misha070488: quit pls
(02:04 / All) Srensen90: WHY LIKE THIS IN ALL GAMES

(34:17 / All) Misha070488: COO1